 Dungeon Crawl Stone Soup version 0.22.1-2-g9c5b331 (webtiles) character file.

295 diana the Slasher (level 6, -8/64 HPs)
             Began as an Octopode Gladiator on Nov 20, 2018.
             Mangled by a phantom (9 damage)
             ... on level 4 of the Dungeon.
             The game lasted 00:04:00 (2911 turns).

diana the Slasher (Octopode Gladiator)              Turns: 2911, Time: 00:04:01

Health: -8/64      AC:  1    Str: 21    XL:     6   Next: 34%
Magic:  6/6        EV: 20    Int: 10    God:
Gold:   169        SH:  0    Dex: 18    Spells: 5/5 levels left

rFire    . . .     SeeInvis .   a - +0 long sword
rCold    . . .     Gourm    .   (no shield)
rNeg     . . .     Faith    .   b - +0 hat
rPois    .         Spirit   .   (no amulet)
rElec    .         Reflect  .   (no ring)
rCorr    .         Harm     .   (no ring)
MR       .....                  (no ring)
Stlth    ..........             (no ring)
HPRegen  0.20/turn              (no ring)
MPRegen  0.10/turn              (no ring)
                                (no ring)
                                (no ring)

@: agile, berserking, flying, very slightly contaminated, invisible, very quick
A: almost no armour, stealthy swim, amphibious, 8 rings, constrict 8, camouflage
1, deterioration 1, wild magic 2, gelatinous body 1
a: no special abilities


You were on level 4 of the Dungeon.
You were very hungry.

You visited 1 branch of the dungeon, and saw 4 of its levels.

You collected 169 gold pieces.

Inventory:

Hand Weapons
 a - a +0 long sword (weapon)
Missiles
 c - 3 throwing nets (quivered)
Armour
 b - a +0 hat (worn)
Scrolls
 e - 2 scrolls of identify {unknown}
 g - a scroll of fear {unknown}
 h - a scroll of enchant weapon {unknown}
 j - 2 scrolls of teleportation {unknown}
 o - a scroll of fog {unknown}
 p - a scroll of amnesia {unknown}
 r - a scroll of noise {unknown}
Comestibles
 d - 6 rations


   Skills:
 + Level 4.0 Fighting
 * Level 5.9 Long Blades
 - Level 2.0 Throwing
 - Level 3.0 Dodging


You had 5 spell levels left.
You didn't know any spells.
Your spell library was empty.

Dungeon Overview and Level Annotations

Branches:
Dungeon (4/15)
 Temple: D:4-7

Altars:
Elyvilon
Qazlal
Sif Muna
Vehumet

Annotations:
D:4 Edmund, Sigmund


Innate Abilities, Weirdness & Mutations

You cannot wear most types of armour.
You are very stealthy in the water. (Stealth+)
You are amphibious.
You can wear up to eight rings at the same time.
You can use your tentacles to constrict eight enemies at once.
Your skin changes colour to match your surroundings (Stealth+).
Your rubbery body absorbs attacks. (AC +1, EV +1)
Your body sometimes deteriorates upon taking damage.
Your spells are harder to cast, but more powerful.


Message History

You hit the ogre.
The ogre is almost dead.
You barely miss the ogre.
The ogre is almost dead.
The ogre hits you with a giant club!!
Ouch! That really hurt!
* * * LOW HITPOINT WARNING * * *
You catch the helpless ogre completely off-guard!
You slash the ogre!
You kill the ogre!
Your Fighting skill increases to level 4!
You have reached level 6!
Your experience leads to an increase in your attributes!
Your base attributes are Str 15, Int 10, Dex 13.
Increase (S)trength, (I)ntelligence, or (D)exterity?
You feel stronger.
It was a potion of berserk rage.
A red film seems to cover your vision as you go berserk!
You feel yourself moving faster!
You feel mighty! The phantom hits you!
You die...

##.# ... ## #.#####
###. #.....# #..<
#.....###... ##
#.....#.....
##..#######....>#.#...
#....@W.........#.#...
#..#######.##.###.###.
# #..(.........
#..#.........
#.O#####.###.
##..W........
..#####.#### ## #..
###


You could see a phantom.

Vanquished Creatures
  An ogre (D:4)
  2 orc wizards
  Jessica (D:3)
  5 adders
  A dart slug (D:1)
  3 leopard geckos
  2 orcs (D:3)
  6 giant cockroaches
  4 hobgoblins
  10 jackals
  4 kobolds
  4 ball pythons
  4 bats
  5 frilled lizards
  16 goblins
  11 rats
79 creatures vanquished.

Notes
Turn   | Place    | Note
-------+----------+-------------------------------------------
     0 | D:1      | diana the Octopode Gladiator began the quest for the Orb.
     0 | D:1      | Reached XP level 1. HP: 14/14 MP: 1/1
   210 | D:1      | Reached XP level 2. HP: 19/19 MP: 2/2
   567 | D:1      | Reached XP level 3. HP: 20/25 MP: 3/3
   965 | D:1      | Reached skill level 4 in Long Blades
  1580 | D:2      | Reached XP level 4. HP: 26/30 MP: 4/4
  2097 | D:3      | Found a stormy altar of Qazlal.
  2146 | D:3      | Found a radiant altar of Vehumet.
  2205 | D:3      | Found a white marble altar of Elyvilon.
  2218 | D:3      | Noticed Jessica
  2221 | D:3      | Killed Jessica
  2221 | D:3      | Reached XP level 5. HP: 33/36 MP: 5/5
  2264 | D:2      | Reached skill level 5 in Long Blades
  2485 | D:3      | Found a deep blue altar of Sif Muna.
  2835 | D:4      | Noticed Sigmund
  2859 | D:4      | Noticed Edmund
  2886 | D:4      | Noticed a phantom
  2886 | D:4      | Noticed an ogre
  2902 | D:4      | Gained mutation: Your body sometimes deteriorates upon
                  | taking damage. [potion of mutation]
  2902 | D:4      | Gained mutation: Your spells are a little harder to cast,
                  | but a little more powerful. [potion of mutation]
  2902 | D:4      | Gained mutation: Your spells are harder to cast, but more
                  | powerful. [potion of mutation]
  2909 | D:4      | HP: 1/37 [ogre/giant club (21)]
  2910 | D:4      | Killed an ogre
  2910 | D:4      | Reached XP level 6. HP: 1/43 MP: 6/6
  2911 | D:4      | Mangled by a phantom

Skill      XL: |  1  2  3  4  5 |
---------------+----------------+-----
Long Blades    | 4 5 |  5.9
Fighting       | 3 4 |  4.0
Throwing       | |  2.0
Dodging        | |  3.0

Action                   |  1- 3 |  4- 6 || total
-------------------------+-------+-------++-------
Melee: Long sword        |    58 |    70 ||   128
       Constrict         |    18 |    18 ||    36
       Tentacles         |    16 |    18 ||    34
  Use: Potion            |       |     7 ||     7
 Stab: Sleeping          |     4 |     7 ||    11
       Invisible         |       |     2 ||     2
       Distracted        |       |     1 ||     1
  Eat: Chunk             |     2 |     3 ||     5
Armor: Skin              |     1 |     2 ||     3
Dodge: Dodged            |    33 |    39 ||    72
       Rpst.: Long sword |     6 |    10 ||    16
